 Dungeon Crawl Stone Soup version 0.17.1-1-g73c8601 (webtiles) character file.

777 DeXoteric the Skirmisher (level 7, 0/56 HPs)
             Began as a Demonspawn Monk on Dec 26, 2015.
             Succumbed to a killer bee's poison
             ... on level 5 of the Dungeon.
             The game lasted 00:12:08 (4872 turns).

DeXoteric the Skirmisher (Demonspawn Monk)          Turns: 4872, Time: 00:12:08

Health: 0/56       AC:  8    Str: 14    XL:     7   Next: 54%
Magic:  4/7        EV: 13    Int: 11    God:
Gold:   188        SH:  0    Dex: 15    Spells: 0 memorised, 6 levels left

rFire  + . .     SeeInvis .     d - +3 spear (freeze)
rCold  . . .     Clarity  .     c - +0 ring mail
rNeg   . . .     SustAt   .     (no shield)
rPois  .         Gourm    .     (no helmet)
rElec  .         Spirit   +     o - +0 cloak
rCorr  .         Warding  .     (no gloves)
rMut   .         Stasis   .     g - +0 pair of boots
MR     .....                    (no amulet)
Stlth  ..........               e - ring of loudness (curse)
                                a - ring of protection from fire

@: lethally poisoned (0 -> -19), not resistant to hostile enchantments,
extremely unstealthy
A: claws 1, powered by pain 1, magic shield
a: no special abilities


You were on level 5 of the Dungeon.
You were not hungry.

You visited 1 branch of the dungeon, and saw 5 of its levels.

You collected 188 gold pieces.

Inventory:

Hand Weapons
 d - a +3 spear of freezing (weapon)
Armour
 c - a +0 ring mail (worn)
 g - a +0 pair of boots (worn)
 o - a +0 cloak (worn)
 r - a +0 buckler
Jewellery
 a - a ring of protection from fire (left claw)
 e - a cursed ring of loudness (right claw)
Scrolls
 h - a scroll of magic mapping
 j - a scroll of enchant armour {unknown}
 k - a scroll of recharging {unknown}
 m - a scroll of identify
 p - a scroll of enchant weapon
 s - a scroll of remove curse
Potions
 i - 3 potions of curing
 n - a potion of heal wounds
Comestibles
 b - 4 bread rations
 f - 3 meat rations


   Skills:
 + Level 5.2 Fighting
 + Level 3.3 Polearms
 + Level 3.8 Armour
 + Level 4.4 Dodging
 - Level 1.7 Stealth
 - Level 3.7 Unarmed Combat


You had 6 spell levels left.
You didn't know any spells.

Dungeon Overview and Level Annotations

Branches:
Dungeon (5/15)
 Temple: D:4-7

Altars:
Ashenzari
Fedhas
Qazlal
Ru

Annotations:
D:2 Sigmund
D:3 Gargoyl's ghost, amateur DsAK


Innate Abilities, Weirdness & Mutations

You have sharp fingernails.
You sometimes gain a little power by taking damage.
When hurt, damage is shared between your health and your magic reserves.


Message History

You take 6 damage, and have 11/56 hp.
You are too injured to fight recklessly!
You are too injured to fight recklessly!
You are too injured to fight recklessly!
You are too injured to fight recklessly!
* * * LOW HITPOINT WARNING * * *
You feel sick. The killer bee completely misses you. The killer bee stings you.
* * * LOW HITPOINT WARNING * * *
You take 5 damage, and have 6/56 hp.
You now have 4/7 mp.
* * * LOW HITPOINT WARNING * * *
You feel very sick. The killer bee completely misses you.
The killer bee stings you but does no damage.
You take 3 damage, and have 3/56 hp.
* * * LOW HITPOINT WARNING * * *
You feel sick. The killer bee barely misses you.
The killer bee barely misses you.
You take 2 damage, and have 1/56 hp.
You miss the killer bee.
You die...

.......#..........##........
.......#....###...##........
#......#....###...##.......#
+......#......#.............
#......#......+.............
#..%...'......#.............
#......####yy###..###.....##
####... #yy########.....#
#... #6..#...........# +...
#...#...........# #.yy
#...#...........# #...
#...#...........# ..##
#...###..##.##..#
##...#######.##..##
+..................
#..................
#..................


You could see 4 killer bees.

Vanquished Creatures
  Grinder (D:3)
  An ogre (D:3)
  Blork the orc (D:4)
  2 hounds (D:4)
  An orc priest (D:4)
  A giant frog zombie (D:4)
  A centaur zombie (D:5)
  3 orc wizards (D:4)
  A worker ant (D:4)
  5 adders
  2 oozes
  2 adder skeletons (D:4)
  An adder zombie (D:4)
  2 worms
  12 orcs
  2 ball pythons (D:1)
  A giant cockroach (D:3)
  4 hobgoblins
  11 bats
  2 giant geckos (D:3)
  2 giant newts
  6 goblins
  9 kobolds
  A quokka skeleton (D:4)
  6 rats
80 creatures vanquished.

Notes
Turn   | Place    | Note
--------------------------------------------------------------
     0 | D:1      | DeXoteric the Demonspawn Monk began the quest for the Orb.
     0 | D:1      | Reached XP level 1. HP: 18/18 MP: 1/1
   306 | D:1      | Gained mutation: You sometimes gain a little power by taking damage. [demonic ancestry]
   306 | D:1      | Reached XP level 2. HP: 24/24 MP: 2/2
   568 | D:1      | Reached skill level 1 in Armour
   869 | D:2      | Gained mutation: When hurt, damage is shared between your health and your magic reserves. [demonic ancestry]
   869 | D:2      | Reached XP level 3. HP: 24/29 MP: 3/3
  1070 | D:2      | Noticed Sigmund
  1399 | D:2      | Reached skill level 1 in Polearms
  2272 | D:3      | Gained mutation: You have sharp fingernails. [demonic ancestry]
  2272 | D:3      | Reached XP level 4. HP: 35/35 MP: 4/4
  2299 | D:3      | Noticed Gargoyl's ghost (amateur DsAK)
  2733 | D:3      | Noticed an ogre
  2744 | D:3      | Killed an ogre
  2744 | D:3      | Reached XP level 5. HP: 23/42 MP: 2/5
  3004 | D:4      | Reached skill level 4 in Fighting
  3047 | D:4      | Found a sacrificial altar of Ru.
  3181 | D:4      | Noticed Blork the orc
  3224 | D:4      | Killed Blork the orc
  3224 | D:4      | Reached XP level 6. HP: 17/48 MP: 2/6
  3454 | D:4      | Found a blossoming altar of Fedhas.
  3465 | D:4      | Noticed Grinder
  3600 | D:4      | Paralysed by Grinder for 5 turns
  3727 | D:4      | Found a stormy altar of Qazlal.
  4075 | D:4      | Paralysed by Grinder for 2 turns
  4087 | D:3      | Killed Grinder
  4087 | D:3      | Reached skill level 5 in Fighting
  4087 | D:3      | Reached XP level 7. HP: 21/56 MP: 3/7
  4513 | D:4      | Found a shattered altar of Ashenzari.
  4643 | D:5      | Entered Level 5 of the Dungeon
  4871 | D:5      | HP: 1/56 [poisoned by a killer bee]
  4872 | D:5      | Succumbed to a killer bee's poison

Action                   |  1- 3 |  4- 6 |  7- 9 || total
-------------------------+-------+-------+-------++-------
Melee: Spear             |   100 |   158 |    57 ||   315
       Unarmed           |     8 |       |       ||     8
  Use: Scroll            |       |     4 |     1 ||     5
       Potion            |       |     3 |       ||     3
 Stab: Sleeping          |     2 |     1 |       ||     3
       Distracted        |       |     1 |       ||     1
  Eat: Chunk             |     4 |     5 |       ||     9
       Meat ration       |       |       |     1 ||     1
